Map: Dusk Towers

Players

Fropez

  • Race: Protoss Protoss
  • League: Silver
  • Spawn Location: 7:00

JannaSERA - Winner!

  • Race: Zerg Zerg
  • League: Bronze
  • Spawn Location: 1:00

VOD

Have the link to the VOD?

Description

Time

  • Played on: May 4, 2016, 8:21 p.m.
  • Length: 8:03
Show
View Real Time Build Order
Export as new Build Order

Fropez Protoss 

Build Orders:  

Get SALT Encoding   

  12  0:01  Probe (Chrono Boost)  
  13  0:19  Pylon  
  13  0:25  Probe (Chrono Boost)  
  14  0:38  Gateway  
  14  0:48  Gateway  
  14  0:53  Pylon  
  14  0:56  Probe (Chrono Boost)  
  15  1:03  Assimilator  
  15  1:06  Probe (Chrono Boost)  
  16  1:17  Probe (Chrono Boost)  
  17  1:21  Assimilator  
  17  1:23  Pylon  
  17  1:30  Zealot  
  19  1:37  Zealot  
  21  1:51  Probe (Chrono Boost)  
  22  2:02  Probe (Chrono Boost)  
  22  2:03  Cybernetics Core  
  23  2:11  Zealot  
  25  2:20  Probe (Chrono Boost)  
  26  2:31  Pylon  
  26  2:39  Mothership Core (Chrono Boost)  
  26  2:40  Warp Gate (Chrono Boost)  
  28  2:47  Adept  
  30  2:52  Adept  
  32  3:00  Probe  
  33  3:12  Probe  
  34  3:17  Adept  
  36  3:21  Adept  
  36  3:24  Probe  
  39  3:30  Pylon  
  39  3:38  Probe  
  40  3:44  Adept  
  42  3:48  Adept  
  42  3:50  Probe  
  41  5:00  Nexus  
  41  5:01  Pylon  
  41  5:04  Pylon  
  41  5:07  Assimilator  
  41  5:12  Assimilator  
  41  5:13  Pylon  
  41  5:17  Robotics Facility  
  41  5:18  Probe (Chrono Boost), Robotics Facility  
  42  5:40  Nexus  
  42  5:44  Probe (Chrono Boost)  
  43  5:55  Probe (Chrono Boost)  
  44  6:00  Assimilator  
  44  6:04  Assimilator  
  44  6:06  Probe (Chrono Boost)  
  44  6:07  Pylon  
  45  6:12  Probe (Chrono Boost)  
  45  6:16  Probe (Chrono Boost)  
  47  6:24  Pylon  
  47  6:25  Pylon  
  42  6:48  Mothership Core (Chrono Boost)  
  42  6:51  Zealot  
  38  7:08  Pylon  
  32  7:18  Immortal (Chrono Boost)  
  35  7:24  Pylon  
  39  7:48  Cybernetics Core  
Show
View Real Time Build Order
Export as new Build Order

JannaSERA Zerg - Winner!

Build Orders: Pool First, Roach Nydus 

Get SALT Encoding   

  12  0:01  Drone  
  13  0:15  Drone  
  13  0:17  Overlord  
  14  0:21  Extractor  
  14  0:23  Drone  
  15  0:36  Drone  
  16  0:46  Spawning Pool  
  16  0:48  Extractor  
  16  0:49  Drone  
  15  0:52  Drone  
  16  1:02  Drone  
  17  1:10  Drone  
  18  1:36  Drone x2, Hatchery  
  19  1:41  Queen  
  19  1:47  Drone  
  22  2:07  Overlord x2  
  22  2:15  Roach Warren  
  21  2:21  Lair  
  21  2:33  Drone x2  
  23  2:41  Drone  
  24  2:46  Drone  
  24  2:48  Drone  
  26  2:57  Drone  
  26  2:58  Drone x2  
  29  3:08  Drone  
  29  3:11  Extractor  
  29  3:15  Queen  
  29  3:17  Drone x2  
  33  3:24  Nydus Network  
  32  3:28  Drone  
  33  3:36  Overlord  
  33  3:39  Drone  
  33  3:40  Drone  
  35  3:43  Drone  
  36  3:48  Drone  
  36  3:49  Drone  
  36  3:50  Queen, Drone  
  41  3:57  Queen  
  41  3:58  Roach  
  41  4:01  Roach  
  47  4:07  Roach  
  47  4:08  Roach  
  47  4:09  Roach  
  51  4:19  Overlord x2  
  49  4:26  Queen  
  49  4:28  Drone  
  50  4:40  Roach x4  
  50  4:41  Roach  
  60  4:49  Spine Crawler  
  59  5:00  Spore Crawler  
  59  5:03  Queen  
  59  5:05  Roach x2  
  66  5:07  Roach  
  66  5:27  Roach  
  66  5:28  Overlord  
  68  5:37  Overlord x2  
  68  5:42  Overseer  
  68  5:46  Queen  
  70  5:53  Roach x2  
  74  6:16  Nydus Canal  
  72  6:49  Roach x5  
  72  6:50  Roach x2  
  82  7:06  Roach x4  
  90  7:17  Roach  
  92  7:40  Overlord x3  
Tags
 
Matchup
PvZ
Opening
Pool First
Replay Pack
All Mines
Spawn Locations
Cross Positions
Strategy
Roach Nydus
Add a new tag
Caveats
  • Supply blocks, unpowered buildings, or Contaminate may cause inaccurate times.
  • Supply counts are checked every 10 seconds.